 Dungeon Crawl Stone Soup version 0.20-a0-629-gc37eb77 (webtiles) character file.

7198 nubinia the Thaumaturge (level 10, -2/46 HPs)
             Began as a Spriggan Conjurer on Feb 10, 2017.
             Was a Priest of Ashenzari.
             Engulfed by a cloud of freezing vapour (3 damage)
             ... in an ice cave on Feb 11, 2017.
             The game lasted 01:18:13 (15729 turns).

nubinia the Thaumaturge (Spriggan Conjurer)        Turns: 15729, Time: 01:18:14

Health: -2/46      AC:  7    Str: 10    XL:     10   Next: 87%
Magic:  27/27      EV: 22    Int: 19    God:    Ashenzari [***...]
Gold:   85         SH:  0    Dex: 25    Spells: 18/33 levels left

rFire    . . .     SeeInvis +   O - +3 short sword of Ovvelop {drain, Dex+8} (curse)
rCold    + . .     Gourm    .   d - +2 robe {rC+}
rNeg     . . .     Faith    +   (shield restricted)
rPois    +         Spirit   .   w - +2 hat
rElec    .         Reflect  .   P - +0 cloak
rCorr    .         Harm     .   (gloves unavailable)
MR       +....                  (boots unavailable)
Stlth    +++++.....             p - amulet of faith (curse)
Regen    0.2/turn               B - +5 ring of strength (curse)
                                y - ring of poison resistance (curse)

@: very quick
A: unfitting armour, see invisible, herbivore 3, speed 3, slow metabolism 2
a: Curse Item, Scrying, Renounce Religion


You were in an ice cave.
You worshipped Ashenzari.
Ashenzari was most pleased with you.
You were not hungry.

You visited 3 branches of the dungeon, and saw 14 of its levels.
You also visited: Labyrinth, Sewer and Ice Cave.

You collected 661 gold pieces.
You spent 576 gold pieces at shops.

Inventory:

Hand Weapons
 O - the cursed +3 short sword of Ovvelop (weapon) {drain, Dex+8}
   (You bought it in a shop on level 7 of the Dungeon)

   A truly terrible weapon, it drains the life of those it strikes.
   It affects your dexterity (+8).
   It has a curse placed upon it.
 R - a +1 short sword of protection
Armour
 a - a +0 robe
 d - a +2 robe of cold resistance (worn)
 j - a +2 robe of magic resistance
 u - a +1 robe of magic resistance
 w - a +2 hat (worn)
 E - a +0 troll leather armour
 G - a +2 robe of magic resistance
 P - a +0 cloak (worn)
Magical Staves
 H - an uncursed staff of wizardry
Jewellery
 p - a cursed amulet of faith (around neck)
 y - a cursed ring of poison resistance (left hand)
 B - a cursed +5 ring of strength (right hand)
 F - an uncursed ring of stealth
 L - an uncursed ring of wizardry
 V - a cursed +2 ring of strength
Wands
 m - a wand of polymorph (15/24)
 A - a wand of acid (10/15)
 I - a wand of enslavement (19/24)
 U - a wand of iceblast (1/15)
 W - a wand of confusion (37/48)
 X - a wand of digging (16/24)
 Y - a wand of paralysis (13/24)
 Z - a wand of clouds (6/9)
Scrolls
 f - 2 scrolls of remove curse
 n - 3 scrolls of fear
 z - a scroll of amnesia
 D - a scroll of recharging
 K - 2 scrolls of fog
 S - a scroll of identify
 T - a scroll of brand weapon {unknown}
Potions
 e - a potion of lignification
 g - a potion of haste
 i - 3 potions of might
 l - a potion of ambrosia
 o - 2 potions of mutation
 q - 4 potions of brilliance
 t - 4 potions of curing
 x - 2 potions of magic
 C - a potion of agility
 N - a potion of flight
Books
 b - a book of Conjurations

   Spells                             Type                      Level
   a - Magic Dart                     Conjuration                  1
   b - Searing Ray                    Conjuration                  2
   c - Dazzling Spray                 Conjuration/Hexes            3
   d - Fulminant Prism                Conjuration/Hexes            4
   e - Force Lance                    Conjuration/Translocation    4
   f - Iskenderun's Mystic Blast      Conjuration                  4
 k - a Necronomicon

   Spells                             Type                      Level
   a - Haunt                          Necromancy/Summoning         7
   b - Borgnjor's Revivification      Necromancy                   8
   c - Death's Door                   Charms/Necromancy            8
   d - Infestation                    Necromancy                   8
   e - Necromutation                  Transmutation/Necromancy     8
 v - a book of Flames

   Spells                             Type                      Level
   a - Flame Tongue                   Conjuration/Fire             1
   b - Throw Flame                    Conjuration/Fire             2
   c - Conjure Flame                  Conjuration/Fire             3
   d - Inner Flame                    Hexes/Fire                   3
   e - Sticky Flame                   Conjuration/Fire             4
   f - Fireball                       Conjuration/Fire             5
 J - a book of Callings

   Spells                             Type                      Level
   a - Summon Small Mammal            Summoning                    1
   b - Call Imp                       Summoning                    2
   c - Call Canine Familiar           Summoning                    3
   d - Summon Guardian Golem          Hexes/Summoning              3
   e - Summon Lightning Spire         Summoning/Air                4
   f - Summon Ice Beast               Ice/Summoning                4
 M - a Fen Folio

   Spells                             Type                      Level
   a - Corpse Rot                     Necromancy                   2
   b - Stone Arrow                    Conjuration/Earth            3
   c - Leda's Liquefaction            Hexes/Earth                  4
   d - Summon Forest                  Summoning/Translocation      5
   e - Hydra Form                     Transmutation                6
   f - Summon Hydra                   Summoning                    7
 Q - a book of Transfigurations

   Spells                             Type                      Level
   a - Irradiate                      Conjuration/Transmutation    5
   b - Statue Form                    Transmutation/Earth          6
   c - Hydra Form                     Transmutation                6
   d - Dragon Form                    Transmutation                7
Comestibles
 c - 8 bread rations
 h - 21 fruits


   Skills:
 + Level 1.7 Fighting
 + Level 3.6(6.2) Short Blades
 + Level 4.9 Dodging
 + Level 8.5 Stealth
 + Level 12.3 Spellcasting
 + Level 5.4(8.3) Conjurations
 * Level 6.9(9.9) Hexes
 * Level 10.1(12.8) Translocations
 + Level 0.3(1.2) Evocations


You had 18 spell levels left.
You knew the following spells:

 Your Spells              Type           Power        Failure   Level  Hunger
a - Magic Dart            Conj           ####         1%          1    None
b - Dazzling Spray        Conj/Hex       #####.       1%          3    None
c - Force Lance           Conj/Tloc      ######..     1%          4    #......
d - Conjure Flame         Conj/Fire      ####....     3%          3    None
e - Sticky Flame          Conj/Fire      ####....     12%         4    #......


Dungeon Overview and Level Annotations

Branches:
Dungeon (12/15)            Temple (1/1) D:7             Orc (1/2) D:9
   Lair: D:8-11

Altars:
Ashenzari
Cheibriados
Dithmenos
Elyvilon
Fedhas
Gozag
Hepliaklqana
Kikubaaqudgha
Makhleb
Nemelex Xobeh
Okawaru
Qazlal
Ru
Sif Muna
Trog
Uskayaw
Vehumet
Xom
Yredelemnul
Zin
The Shining One
Beogh

Shops:
D:5 (   D:7 ([}=   D:10 [

Annotations:
D:4 anet's ghost, amateur DEWz
D:10 Josephine


Innate Abilities, Weirdness & Mutations

You are very small and have problems with some larger weapons.
You are too small for most types of armour.
You have supernaturally acute eyesight. (SInv)
You are a herbivore.
You cover ground extremely quickly.
You need consume almost no food.


Message History

You sense a monster nearby.
You are engulfed in freezing vapours.
You resist.
Found an uncursed ring of magical power.
You are engulfed in freezing vapours.
You resist.
You enter the shallow water.
Moving in this stuff is going to be slow.
You are engulfed in freezing vapours.
You resist.
You start resting.
You are engulfed in freezing vapours.
You resist.
You enter the shallow water.
Moving in this stuff is going to be slow.
You start resting.
You are engulfed in freezing vapours.
You resist.
* * * LOW HITPOINT WARNING * * *
You are engulfed in freezing vapours.
You resist.
* * * LOW HITPOINT WARNING * * *
You are engulfed in freezing vapours.
You resist.
* * * LOW HITPOINT WARNING * * *
You are engulfed in freezing vapours.
You resist.
You die...

* * , * * ,
, * *,* , **
#,*### *,* *
#≈ #§## **
,* *
#§§#§§####
*, *
#§§§§§§##,**
#§##@§§§§#*{
* ##
##§##§## , *
######§# *,
##.###.§#{,
, *
#....#..#**
##......## *
##..###...#
##.†## ##.##
#...#######


There were no monsters in sight!

Vanquished Creatures
  A minotaur (Lab)
  A centaur zombie (D:12)
  A manticore (D:12)
  A troll (D:9)
  A polar bear (IceCv)
  2 wraiths (D:10)
  A wyvern (D:8)
  A yak (D:12)
  A warg (Orc:1)
  A water moccasin (D:9)
  An orc warrior (D:7)
  5 ice beasts
  4 sky beasts
  A black bear (D:9)
  5 ogres
  4 wolves (IceCv)
  2 centaurs (D:6)
  2 big kobolds
  A gnoll sergeant (D:7)
  3 bullfrogs
  A wyvern zombie (D:10)
  6 scorpions
  4 wights (D:10)
  5 howler monkeys
  3 crimson imps
  A bullfrog zombie (D:5)
  7 hounds
  2 jellies
  2 orc priests
  A centaur skeleton (D:6)
  A gnoll shaman (D:5)
  7 orc wizards
  Jessica (D:2)
  3 iguanas
  6 worker ants
  2 hound zombies
  2 worker ant zombies
  18 gnolls
  A howler monkey skeleton (D:6)
  8 adders
  11 river rats
  2 shadow imps (D:5)
  2 oozes (D:7)
  3 adder skeletons
  2 worms
  2 dart slugs
  5 leopard geckos
  18 orcs
  5 ball pythons
  7 giant cockroaches
  8 goblins
  11 hobgoblins
  7 jackals
  11 kobolds
  10 quokkas
  8 bats
  12 frilled lizards
  24 rats
268 creatures vanquished.

Vanquished Creatures (others)
  A plant (D:10)
1 creature vanquished.

Grand Total: 269 creatures vanquished

Notes
Turn   | Place    | Note
-------+----------+-------------------------------------------
     0 | D:1      | nubinia the Spriggan Conjurer began the quest for the Orb.
     0 | D:1      | Reached XP level 1. HP: 9/9 MP: 5/5
   212 | D:1      | Reached XP level 2. HP: 13/13 MP: 1/6
   238 | D:1      | Reached skill level 3 in Spellcasting
  1047 | D:2      | Reached XP level 3. HP: 16/16 MP: 2/8
  1052 | D:2      | Learned a level 3 spell: Dazzling Spray
  1665 | D:2      | Found an opulent altar of Gozag.
  1679 | D:2      | Reached XP level 4. HP: 19/21 MP: 4/10
  1730 | D:2      | Learned a level 4 spell: Force Lance
  1762 | D:2      | Noticed Jessica
  2062 | D:2      | Killed Jessica
  2062 | D:2      | Reached skill level 4 in Spellcasting
  2062 | D:2      | Reached skill level 1 in Translocations
  2992 | D:3      | Reached XP level 5. HP: 24/24 MP: 8/12
  3690 | D:4      | Found a glowing drain.
  3695 | Sewer    | Entered a sewer
  3724 | Sewer    | Reached skill level 5 in Spellcasting
  4390 | D:4      | Reached XP level 6. HP: 22/28 MP: 5/15
  4635 | D:4      | Noticed anet's ghost (amateur DEWz)
  5073 | D:5      | Entered Level 5 of the Dungeon
  5118 | D:5      | Noticed an ice beast
  5197 | D:5      | Killed an ice beast
  5197 | D:5      | Reached skill level 6 in Spellcasting
  5643 | D:5      | Reached skill level 7 in Spellcasting
  6119 | D:5      | Reached XP level 7. HP: 10/32 MP: 15/19
  6359 | D:5      | Found Ugoanoh's Weapon Boutique.
  6676 | D:5      | Reached skill level 8 in Spellcasting
  7519 | D:6      | Reached skill level 5 in Translocations
  7740 | D:6      | Reached skill level 1 in Hexes
  7825 | D:6      | Reached skill level 9 in Spellcasting
  7966 | D:6      | Reached XP level 8. HP: 35/36 MP: 15/22
  8586 | D:6      | Reached skill level 10 in Spellcasting
  9613 | D:6      | Reached skill level 11 in Spellcasting
 10030 | D:7      | Found Daosadwonel's Jewellery Shop.
 10092 | D:7      | Reached skill level 1 in Short Blades
 10383 | D:7      | Reached XP level 9. HP: 34/39 MP: 6/25
 10599 | D:7      | Found Tulihepi's Weapon Shoppe.
 10648 | D:7      | Found Lufol's Antique Armour Boutique.
 10701 | D:7      | Found a sparkling altar of Nemelex Xobeh.
 10743 | D:7      | Found a staircase to the Ecumenical Temple.
 10749 | Temple   | Entered the Ecumenical Temple
 10822 | Temple   | Became a worshipper of Ashenzari the Shackled
 10885 | D:7      | Found Teup's Gadget Shoppe.
 11056 | D:8      | Reached skill level 5 in Stealth
 11520 | D:8      | Reached skill level 5 in Hexes
 11851 | D:9      | Reached * piety under Ashenzari
 12109 | D:9      | Noticed a troll
 12119 | D:9      | Killed a troll
 12577 | D:7      | Bought the cursed +3 short sword of Ovvelop {drain, Dex+8} for 576 gold pieces
 12694 | D:9      | Found a staircase to the Orcish Mines.
 12699 | Orc:1    | Entered Level 1 of the Orcish Mines
 12713 | Orc:1    | Found a roughly hewn altar of Beogh.
 12996 | D:10     | Entered Level 10 of the Dungeon
 13017 | D:10     | Found Tuewo's Armour Emporium.
 13043 | D:10     | Reached XP level 10. HP: 44/44 MP: 26/26
 13155 | D:10     | Reached ** piety under Ashenzari
 13496 | D:10     | Learned a level 3 spell: Conjure Flame
 13501 | D:10     | Learned a level 4 spell: Sticky Flame
 13721 | D:10     | Reached skill level 1 in Fighting
 13995 | D:10     | Noticed Josephine
 14286 | D:10     | Reached skill level 5 in Conjurations
 14440 | D:10     | Identified the +10 rapier "Boirid" {elec, rF- rC+ Int+4} (You took it off an orc on level 10 of the Dungeon)
 14537 | D:11     | Reached skill level 12 in Spellcasting
 14720 | D:12     | Found a frozen archway.
 14721 | D:12     | Noticed a manticore
 14761 | D:12     | Found a labyrinth entrance.
 14783 | Lab      | Entered a labyrinth
 15128 | Lab      | Reached *** piety under Ashenzari
 15332 | Lab      | Noticed a minotaur
 15334 | Lab      | Killed a minotaur
 15409 | D:12     | Killed a manticore
 15469 | IceCv    | Entered an ice cave
 15552 | IceCv    | Reached skill level 10 in Translocations
 15728 | IceCv    | HP: 1/46 [something (5)]
 15729 | IceCv    | Engulfed by a cloud of freezing vapour

Vault maps used:
D:1:      lightli_arrival_noodles
D:2:      minmay_misc_feat_x, nicolae_gozag_cash_rules_everything_around_me,
          uniq_jessica
D:3:      bh_walls_and_bars
D:4:      portal_sewer_entry_e
D:5:      serial_shops, nicolae_shop_behind_doors, first_bread,
          minmay_misc_feat_ornament, st_stairs_12
D:6:      lemuel_ratsnest
D:7:      minmay_temple_entry_fiery, serial_shops, kennysheep_mini,
          nicolae_shop_behind_doors, shop, kennysheep_mini_moat,
          nemelex_dance_club_becter
D:9:      orc_0_dummy
D:10:     serial_shops, shop_fountains, hangedman_ranch,
          kennysheep_generic_room_2, uniq_josephine
D:11:     erik_lair_dragon, special_room
D:12:     portal_ice_cave_entry_ice_beasts, lab_entry_generic,
          nicolae_two_hexagons
Temple:   compressed_dpeg_circular_temple
Orc:1:    basic_altar, mines_bat_river, uniq_harold
Sewer:    sewer_co_cracked_pipes
IceCv:    ice_cave_caverns_03

Skill      XL: |  1  2  3  4  5  6  7  8  9 10 |
---------------+-------------------------------+-----
Conjurations   | 3 4 5 |  5.4
Spellcasting   | 3 4 5 7 9 11 12 | 12.3
Translocations | 2 3 4 5 7 8 10 | 10.1
Hexes          | 2 3 5 6 |  6.9
Stealth        | 4 7 8 |  8.5
Short Blades   | 1 2 3 |  3.6
Dodging        | 4 |  4.9
Fighting       | 1 |  1.7
Evocations     | |  0.3

Action                   |  1- 3 |  4- 6 |  7- 9 | 10-12 || total
-------------------------+-------+-------+-------+-------++-------
Melee: Unarmed           |     1 |       |       |       ||     1
       Short sword       |    10 |       |    25 |    72 ||   107
       Rapier            |    18 |    42 |   100 |       ||   160
 Cast: Magic Dart        |    77 |   249 |   391 |   117 ||   834
       Dazzling Spray    |     1 |     4 |    59 |    23 ||    87
       Force Lance       |       |       |    11 |    21 ||    32
Invok: Curse Item        |       |       |     3 |       ||     3
Evoke: Wand              |       |       |       |     3 ||     3
  Use: Scroll            |       |     7 |    15 |     4 ||    26
       Potion            |       |     1 |       |       ||     1
 Stab: Sleeping          |     5 |     7 |    18 |     7 ||    37
       Invisible         |       |     2 |    23 |     4 ||    29
  Eat: Royal jelly       |       |     1 |     3 |     2 ||     6
       Fruit             |       |       |     1 |       ||     1
Armor: Robe              |     4 |     6 |    24 |    16 ||    50
Dodge: Dodged            |    42 |    64 |   191 |    83 ||   380
